 Dungeon Crawl Stone Soup version 0.24.0-13-gcf9b319 (webtiles) character file.

Game seed: 5816150605629743009, levelgen mode: deterministic

95 Bronimir the Poker (level 4, -1/33 HPs)
             Began as a Demonspawn Gladiator on Apr 5, 2020.
             Killed by divine providence
             ... invoked by an orc priest
              (10 damage)
             ... on level 4 of the Dungeon.
             The game lasted 00:05:03 (1813 turns).

Bronimir the Poker (Demonspawn Gladiator)           Turns: 1813, Time: 00:05:04

Health: -1/33      AC:  4    Str: 21    XL:     4   Next: 39%
Magic:  4/4        EV: 13    Int:  9    God:
Gold:   88         SH:  0    Dex: 16    Spells: 3/3 levels left

rFire    + . .     SeeInvis .   a - +0 trident
rCold    + . .     Gourm    .   (no shield)
rNeg     . . .     Faith    .   u - +0 leather armour
rPois    +         Spirit   .   s - +0 helmet
rElec    +         Reflect  .   (no cloak)
rCorr    +         Harm     .   (no gloves)
MR       .....     Clarity  +   (no boots)
Stlth    +.........             (no amulet)
HPRegen  0.11/turn              (no ring)
MPRegen  0.09/turn              (no ring)

@: mighty, resistant
A: agile 1, clarity, high mp 1, powered by pain 2, MP-powered wands
a: no special abilities


You were on level 4 of the Dungeon.
You were not hungry.

You visited 1 branch of the dungeon, and saw 3 of its levels.

You collected 88 gold pieces.

Inventory:

Hand Weapons
 a - a +0 trident (weapon)
 b - a +0 hunting sling
Missiles
 d - 3 throwing nets (quivered)
 i - 157 stones
 l - 32 bolts
 n - 23 sling bullets
Armour
 c - a +0 helmet
 s - a +0 helmet (worn)
 u - a +0 leather armour (worn)
Jewellery
 t - a cursed ring of teleportation {unknown}
Scrolls
 e - a scroll of immolation {unknown}
 h - 3 scrolls of teleportation {unknown}
 k - 2 scrolls of remove curse {unknown}
 o - 2 scrolls of identify {unknown}
 p - 2 scrolls of magic mapping {unknown}
Potions
 g - a potion of mutation
 q - a potion of haste {unknown}
 r - a potion of might
Comestibles
 f - 10 rations
 v - a chunk of flesh


   Skills:
 + Level 2.1 Fighting
 * Level 3.9 Polearms
 + Level 0.5(1.3) Slings
 + Level 1.8(2.0) Throwing
 * Level 1.4 Armour
 + Level 3.0 Dodging


You had 3 spell levels left.
You didn't know any spells.
Your spell library was empty.

Dungeon Overview and Level Annotations

Branches:
Dungeon (4/15)
 Temple: D:4-7

Altars:


Innate Abilities, Weirdness & Mutations

You sometimes gain power by taking damage.
You are agile. (Dex +2)
You possess an exceptional clarity of mind.
You have an increased reservoir of magic. (+10% MP)
You expend magic power (3 MP) to strengthen your wands.


Message History

a - a +0 trident (weapon)
The orc priest calls down the wrath of Beogh upon you.
Beogh smites you!
* * * LOW HITPOINT WARNING * * *
You hear a shout!
You are too injured to fight recklessly!
You are too injured to fight recklessly!
It was a potion of mutation.
You feel extremely strange.
You feel agile.
You feel your magical essence link to the dungeon's wands.
Your thoughts seem clearer.
You feel more energetic.
It was a potion of might.
You feel mightier all of a sudden.
It was a potion of curing.
You feel better.
The orc priest looks braver for a moment.
It was a potion of resistance.
You feel protected.
The orc priest invokes the aid of Beogh against you.
Beogh smites you!
You die...

#.......(#
#.......(#
+<.....(.#
#........#
#....o...#
#........#
#.....[..#
#..@.....#+###
#............#
#............#
##............#
................#
#########.#.....#
#.#.....#
#.#.#+### #.#.#


You could see an orc priest.

Vanquished Creatures
  Robin (D:2)
  An adder (D:2)
  A dart slug (D:1)
  A leopard gecko (D:2)
  2 giant cockroaches (D:2)
  15 goblins
  8 hobgoblins
  11 jackals
  8 kobolds
  A quokka (D:2)
  6 bats
  2 frilled lizards (D:1)
  8 rats (D:2)
65 creatures vanquished.

Notes
Turn   | Place    | Note
-------+----------+-------------------------------------------
     0 | D:1      | Bronimir the Demonspawn Gladiator began the quest for the
                  | Orb.
     0 | D:1      | Reached XP level 1. HP: 16/16 MP: 1/1
   368 | D:1      | Gained mutation: You sometimes gain a little power by
                  | taking damage. [demonic ancestry]
   368 | D:1      | Reached XP level 2. HP: 22/22 MP: 2/2
  1061 | D:2      | Reached XP level 3. HP: 25/27 MP: 3/3
  1124 | D:2      | Reached skill level 1 in Armour
  1308 | D:2      | Noticed Robin
  1461 | D:2      | Killed Robin
  1470 | D:2      | Gained mutation: You sometimes gain power by taking damage.
                  | [demonic ancestry]
  1470 | D:2      | Reached XP level 4. HP: 33/33 MP: 4/4
  1794 | D:2      | You fall into a shaft and drop 2 floors!
  1810 | D:4      | Gained mutation: You are agile. (Dex +2) [potion of
                  | mutation]
  1810 | D:4      | Gained mutation: You expend magic power (3 MP) to
                  | strengthen your wands. [potion of mutation]
  1810 | D:4      | Gained mutation: You possess an exceptional clarity of
                  | mind. [potion of mutation]
  1810 | D:4      | Gained mutation: You have an increased reservoir of magic.
                  | (+10% MP) [potion of mutation]
  1813 | D:4      | Killed from afar by an orc priest

Levels and vault maps discovered:
D:1:      wheals_arrival_linesprint, layout_basic, kennysheep_decorative_pillar
D:2:      layout_loops_ring, first_ration, uniq_natasha, uniq_robin
D:4:      layout_basic, serial_shops, nicolae_shop_waterfront, uniq_ijyb

Skill      XL: |  1  2  3 |
---------------+----------+-----
Polearms       | 3 |  3.9
Armour         | 1 |  1.4
Dodging        | 3 |  3.0
Fighting       | |  2.1
Slings         | |  0.5
Throwing       | |  1.8

Action                   |  1- 3 |  4- 6 || total
-------------------------+-------+-------++-------
Melee: Trident           |   148 |       ||   148
 Fire: Hunting sling     |       |    70 ||    70
  Use: Potion            |       |     4 ||     4
 Stab: Sleeping          |     3 |       ||     3
  Eat: Chunk             |     1 |     2 ||     3
Armor: Leather armour    |    37 |    15 ||    52
Dodge: Dodged            |   101 |    27 ||   128
